 Dungeon Crawl Stone Soup version 0.31-a0-654-gbe3e110b4e (webtiles) character file.

Game seed: 16274911727173453119

27157 Ekaitz the Frost Mage (level 13, -2/96 HPs)
             Began as a Demonspawn Ice Elementalist on Aug 29, 2023.
             Was a Priest of Uskayaw.
             Slain by a polar bear (23 damage)
             ... on level 2 of the Lair of Beasts.
             The game lasted 00:37:53 (13499 turns).

Ekaitz the Frost Mage (DsIE)                       Turns: 13499, Time: 00:37:54

Health: -2/96      AC: 22    Str:  8    XL:     13   Next: 2%
Magic:  19/24      EV: 14    Int: 19    God:    Uskayaw [***...]
Gold:   1057       SH:  0    Dex: 17    Spells: 9/27 levels left

rFire   x . .        a - +4 short sword (freeze)
rCold   + . .        (no shield)
rNeg    + . .        E - +0 robe {rN+}
rPois   .            p - +2 hat
rElec   .            y - +0 cloak
rCorr   .            (gloves unavailable)
SInv    .            (no boots)
Will    .....        A - amulet of faith
Stlth   +++          F - +4 ring of protection
HPRegen 0.36/turn    Y - ring of ice
MPRegen 0.19/turn

%: faith
@: ice-armoured
A: thin metallic scales 2, powered by death 2, demonic touch 3
a: Renounce Religion, Stomp, Line Pass


You were on level 2 of the Lair of Beasts.
You worshipped Uskayaw.
Uskayaw was aware of your devotion.
You visited 3 branches of the dungeon, and saw 15 of its levels.

You collected 1057 gold pieces.

Inventory:

Hand Weapons
 a - a +4 short sword of freezing (weapon)
 d - a +0 dagger of draining
 D - a +3 scimitar
 N - a +0 war axe of flaming
Missiles
 i - 4 javelins
 O - 25 poisoned darts
 Q - a curare-tipped dart
 X - a throwing net
Armour
 h - a +0 leather armour of willpower
 p - a +2 hat (worn)
 y - a +0 cloak (worn)
 E - a +0 robe of positive energy (worn)
 P - the +0 robe of the Arena {+Blink rF+ rN+ rCorr}
   (You found it on level 7 of the Dungeon)

   rF+:       It protects you from fire.
   rN+:       It protects you from negative energy.
   +Blink:    It lets you blink.
   rCorr:     It protects you from acid and corrosion.
 Z - a +0 troll leather armour
Jewellery
 A - an amulet of faith (around neck)
 F - a +4 ring of protection (left hand)
 U - an amulet of reflection
 W - the ring of Koergh {Will+ Int+5 Slay+2 Stlth-}
   (You found it on level 10 of the Dungeon)

   [ring of willpower]

   Int+5:     It affects your intelligence (+5).
   Slay+2:    It affects your accuracy & damage with ranged weapons and melee
   (+2).
   Will+:     It increases your willpower.
   Stlth-:    It makes you less stealthy.
 Y - a ring of ice (right hand)
Wands
 r - a wand of mindburst (4)
 v - a wand of paralysis (14)
 L - a wand of roots (7)
 V - a wand of flame (23)
Scrolls
 e - a scroll of poison {unknown}
 f - a scroll of vulnerability
 g - 3 scrolls of fear
 j - a scroll of fog
 k - 3 scrolls of revelation
 m - a scroll of immolation {unknown}
 n - a scroll of enchant weapon
 q - 4 scrolls of blinking
 w - a scroll of teleportation
 I - 2 scrolls of amnesia
 M - 2 scrolls of torment
Potions
 b - 3 potions of magic
 c - a potion of cancellation
 l - 3 potions of haste
 o - 2 potions of heal wounds
 t - a potion of ambrosia
 x - a potion of might
 z - 3 potions of brilliance
 B - 4 potions of curing
 H - a potion of berserk rage
 S - a potion of invisibility
 T - a potion of lignification


   Skills:
 * Level 7.4 Fighting
 + Level 4.5 Short Blades
 + Level 4.3 Dodging
 + Level 5.8 Stealth
 + Level 0.8 Shields
 + Level 7.9 Spellcasting
 * Level 5.2 Conjurations
 * Level 6.9 Summonings
 + Level 3.8 Necromancy
 * Level 10.7 Ice Magic
 * Level 5.2 Air Magic
 * Level 8.8 Invocations
 + Level 2.3 Evocations


You had 9 spell levels left.
You knew the following spells:

 Your Spells              Type           Power      Damage    Failure   Level
a - Freeze                Ice            100%       1d10      1%          1
b - Frozen Ramparts       Ice            100%       1d16      1%          3
c - Ozocubu's Armour      Ice            64%        N/A       1%          3
d - Summon Ice Beast      Ice/Summ       58%        N/A       2%          4
e - Freezing Cloud        Conj/Ice/Air   25%        6-21      14%         5
u - Sublimation of Blood  Necr           22%        N/A       3%          2

Your spell library contained the following spells:

 Spells                   Type           Power      Damage    Failure   Level
 Magic Dart               Conj           100%       1d8       1%          1
 Call Imp                 Summ           66%        N/A       1%          2
 Cigotuvi's Dreadful Rot  Necr/Pois/Air  38%        N/A       4%          2
 Mephitic Cloud           Conj/Pois/Air  20%        N/A       6%          3
 Scorch                   Fire           14%        2d5       14%         2
 Wereblood                Tmut           7%         N/A       14%         2
 Ignite Poison            Fire/Tmut/Pois 7%         N/A       28%         3
 Flame Wave               Conj/Fire      17%        2d7       30%         4
 Summon Cactus Giant      Summ           16%        N/A       63%         6
 Irradiate                Conj/Tmut      8%         3d14      65%         5
 Summon Hydra             Summ           16%        N/A       99%         7


Dungeon Overview and Level Annotations

Branches:
Dungeon (12/15)            Temple (1/1) D:5            Lair (2/5) D:11
 Spider (0/4) Lair:2          Orc (0/2) D:10
  Swamp: Lair:2-3    Shoals: Lair:2-3

Altars:
Ashenzari
Cheibriados
Dithmenos
Fedhas
Gozag
Hepliaklqana
Kikubaaqudgha
Makhleb
Nemelex Xobeh
Okawaru
Qazlal
Ru
Sif Muna
Trog
Uskayaw
Vehumet
Wu Jian
Xom
Yredelemnul

Shops:
D:6 :

Annotations:
D:10 Fannar
D:12 3 runed translucent doors


Innate Abilities, Weirdness & Mutations

You are mostly covered in thin metallic scales. (AC +3)
You regenerate health from kills.
Your touch may irresistibly damage your foes and sap their willpower.


Message History

The polar bear is severely wounded.
The polar bear bites you but does no damage.
The polar bear claws you but does no damage.
The polar bear barely misses you.
You hit the polar bear. Your punch misses the polar bear.
The polar bear is almost dead.
The polar bear bites you!
* * * LOW HITPOINT WARNING * * *
The polar bear barely misses you. x2
Uskayaw will force your foes to helplessly watch your dance.
Unknown command.
Casting: Ozocubu's Armour (safe; 1% risk of failure)
Confirm with . or Enter, or press ? or * to list all spells.
Aiming: Freeze (safe; 1% risk of failure)
Press: ? - help, Shift-Dir - straight line, f - polar bear
Aim: a polar bear (almost dead, berserk, weak-willed)
You feel a surge of power!
You freeze the polar bear.
The polar bear resists.
The polar bear is almost dead.
The polar bear bites you.
* * * LOW HITPOINT WARNING * * *
The polar bear misses you. x2; The polar bear barely misses you.
The polar bear misses you. The polar bear barely misses you.
Casting: Freeze (safe; 1% risk of failure)
Confirm with . or Enter, or press ? or * to list all spells.
Aiming: Freeze (safe; 1% risk of failure)
Press: ? - help, Shift-Dir - straight line, f/p - polar bear
Aim: a polar bear (almost dead, berserk, weak-willed)
You feel a surge of power!
You freeze the polar bear.
The polar bear resists.
The polar bear is almost dead.
The polar bear completely misses you.
The polar bear claws you but does no damage. x2
Casting: Freeze (safe; 1% risk of failure)
Confirm with . or Enter, or press ? or * to list all spells.
Aiming: Freeze (safe; 1% risk of failure)
Press: ? - help, Shift-Dir - straight line, f/p - polar bear
Aim: a polar bear (almost dead, berserk)
You feel a surge of power!
You freeze the polar bear.
The polar bear resists.
The polar bear is almost dead.
The polar bear bites you!!
You die...

##### #...# #.P# ###
#..#######P.###
##......#......##
#........@h.P....
##..†....#.##P...
######.....†..### .
###.........††..#
......>..........#
............##....#
.......##.#####.....
...##.##### ##.#...
....### ##.#..


You could see a polar bear (berserk).

Vanquished Creatures
  A catoblepas (Lair:1)
  A centaur warrior (D:11)
  A boulder beetle (D:11)
  A two-headed ogre (D:11)
  A pharaoh ant (Lair:2)
  2 deep elf pyromancers (D:10)
  3 cyclopes
  A manticore (D:11)
  An ugly thing (D:12)
  2 cane toads
  2 rime drakes
  An unseen horror (D:12)
  2 kobold demonologists
  3 komodo dragons
  8 trolls
  4 polar bears
  A hornet (D:10)
  A tarantella (Lair:2)
  5 blink frogs (Lair:2)
  4 slime creatures (D:11)
  A jumping spider (Lair:2)
  A vampire (D:11)
  Sigmund (D:5)
  4 wraiths
  A shadow (D:11)
  4 wyverns
  24 yaks
  2 basilisks (Lair:2)
  A redback (Lair:2)
  Grum (D:9)
  Menkaure (D:4)
  2 steam dragons
  An acid dragon (D:11)
  7 water moccasins
  9 orc warriors
  2 sky beasts
  10 black bears
  6 ice beasts
  A swamp drake (D:10)
  3 ogres
  4 wolves (D:9)
  4 centaurs
  4 kobold brigands
  2 phantoms
  7 bullfrogs
  3 gnoll sergeants
  4 scorpions
  7 wights
  5 killer bees (D:9)
  3 electric eels (D:8)
  A howler monkey (D:8)
  A crimson imp (D:10)
  4 hounds
  3 jellies
  Crazy Yiuf (D:5)
  6 orc priests
  An iron imp (D:10)
  5 iguanas
  10 orc wizards
  Robin (D:3)
  13 gnolls
  3 adders
  2 shadow imps
  3 white imps
  An ufetubus (D:6)
  4 worms
  3 dart slugs
  26 orcs
  5 endoplasms
  10 giant cockroaches
  19 goblins
  20 hobgoblins
  A jackal (D:2)
  4 quokkas
  12 ball pythons
  6 bats
  9 frilled lizards
  19 kobolds
  7 rats
370 creatures vanquished.

Vanquished Creatures (collateral kills)
  A cyclops (D:11)
  A polar bear (Lair:2)
  A jumping spider (Lair:2)
  An orc warrior (D:10)
  A bullfrog (Lair:2)
  An orc wizard (D:9)
6 creatures vanquished.

Grand Total: 376 creatures vanquished

Notes
Turn   | Place    | Note
-------+----------+-------------------------------------------
     0 | D:1      | Ekaitz the Demonspawn Ice Elementalist began the quest for
                  | the Orb.
     0 | D:1      | Reached XP level 1. HP: 13/13 MP: 3/3
   164 | D:1      | Found a faded altar of an unknown god.
   204 | D:1      | Reached skill level 4 in Ice Magic
   210 | D:1      | Gained mutation: Your touch may inflict minor irresistible
                  | damage on your foes. [demonic ancestry]
   210 | D:1      | Reached XP level 2. HP: 19/19 MP: 0/5
   655 | D:1      | Gained mutation: You are partially covered in thin metallic
                  | scales. (AC +2) [demonic ancestry]
   655 | D:1      | Reached XP level 3. HP: 24/25 MP: 6/6
   659 | D:1      | Learned a level 3 spell: Frozen Ramparts
  1280 | D:2      | Reached skill level 1 in Fighting
  1288 | D:2      | Reached XP level 4. HP: 32/32 MP: 3/7
  2104 | D:3      | Learned a level 3 spell: Ozocubu's Armour
  2344 | D:3      | Reached XP level 5. HP: 38/38 MP: 6/9
  2426 | D:3      | Reached skill level 5 in Ice Magic
  2535 | D:3      | Noticed Robin
  2547 | D:3      | Killed Robin
  2548 | D:3      | Reached skill level 1 in Short Blades
  2766 | D:4      | Reached skill level 1 in Summonings
  2779 | D:4      | Noticed Menkaure
  2870 | D:4      | Found a basalt altar of Yredelemnul.
  2918 | D:4      | Killed Menkaure
  2919 | D:4      | Gained mutation: Your touch may inflict irresistible damage
                  | on your foes. [demonic ancestry]
  2919 | D:4      | Reached XP level 6. HP: 44/44 MP: 10/10
  2924 | D:4      | Learned a level 4 spell: Summon Ice Beast
  3069 | D:4      | Reached skill level 1 in Evocations
  3169 | D:4      | Reached XP level 7. HP: 32/51 MP: 7/11
  3720 | D:5      | Entered Level 5 of the Dungeon
  3720 | D:5      | Noticed Sigmund
  3736 | D:5      | Killed Sigmund
  3931 | D:5      | Found a runed translucent door.
  3932 | D:5      | Noticed Crazy Yiuf
  3940 | D:5      | Killed Crazy Yiuf
  3941 | D:5      | Reached skill level 6 in Ice Magic
  4390 | D:5      | Gained mutation: You regenerate a little health from kills.
                  | [demonic ancestry]
  4390 | D:5      | Reached XP level 8. HP: 55/58 MP: 8/13
  4393 | D:5      | Learned a level 2 spell: Sublimation of Blood
  4656 | D:5      | Found a staircase to the Ecumenical Temple.
  4661 | Temple   | Entered the Ecumenical Temple
  4710 | Temple   | Became a worshipper of Uskayaw the Reveller
  4901 | D:6      | Reached * piety under Uskayaw
  4931 | D:6      | Reached ** piety under Uskayaw
  4963 | D:6      | Reached skill level 1 in Necromancy
  4974 | D:6      | Reached *** piety under Uskayaw
  4975 | D:6      | Reached skill level 1 in Invocations
  4976 | D:6      | Reached **** piety under Uskayaw
  4989 | D:6      | Reached ***** piety under Uskayaw
  5157 | D:6      | Found Geintace's Book Shop.
  5249 | D:6      | Reached skill level 7 in Ice Magic
  5374 | D:6      | Noticed a kobold demonologist
  5378 | D:6      | Noticed a soul eater
  5399 | D:6      | Killed a kobold demonologist
  5400 | D:6      | Gained mutation: You regenerate health from kills. [demonic
                  | ancestry]
  5400 | D:6      | Reached XP level 9. HP: 41/65 MP: 5/16
  5632 | D:6      | Reached skill level 5 in Spellcasting
  6126 | D:7      | Noticed a komodo dragon
  6135 | D:7      | Killed a komodo dragon
  6427 | D:7      | Identified the +0 robe of the Arena {+Blink rF+ rN+ rCorr}
  6464 | D:7      | Reached skill level 8 in Ice Magic
  7144 | D:8      | Gained mutation: Your touch may irresistibly damage your
                  | foes and sap their willpower. [demonic ancestry]
  7144 | D:8      | Reached XP level 10. HP: 70/73 MP: 9/18
  7235 | D:8      | Learned a level 5 spell: Freezing Cloud
  7395 | D:8      | Reached skill level 5 in Fighting
  7469 | D:8      | Identified the +1 pair of gloves of Impermeability {Int+9}
  7754 | D:8      | Reached skill level 1 in Air Magic
  8373 | D:9      | Noticed Grum
  8386 | D:9      | Reached skill level 1 in Conjurations
  8388 | D:9      | Killed Grum
  8389 | D:9      | Reached skill level 5 in Invocations
  8855 | D:10     | Entered Level 10 of the Dungeon
  8863 | D:10     | Reached skill level 5 in Summonings
  9018 | D:10     | Noticed a deep elf pyromancer
  9026 | D:10     | Killed a deep elf pyromancer
  9031 | D:10     | Noticed a deep elf pyromancer
  9036 | D:10     | Killed a deep elf pyromancer
  9118 | D:10     | Identified the ring of Koergh {Will+ Int+5 Slay+2 Stlth-}
  9122 | D:10     | Noticed Fannar
  9195 | D:10     | Reached skill level 9 in Ice Magic
  9197 | D:10     | Reached XP level 11. HP: 69/80 MP: 10/20
  9200 | D:10     | Found a staircase to the Orcish Mines.
  9211 | D:10     | Reached ****** piety under Uskayaw
  9419 | D:10     | Found a shimmering blue altar of Sif Muna.
 10461 | D:11     | Noticed a centaur warrior
 10468 | D:11     | Killed a centaur warrior
 10470 | D:11     | Reached skill level 5 in Stealth
 10562 | D:11     | Found a staircase to the Lair.
 10800 | D:11     | Noticed a two-headed ogre
 10809 | D:11     | Killed a two-headed ogre
 10815 | D:11     | Reached skill level 10 in Ice Magic
 10831 | D:11     | Reached XP level 12. HP: 89/89 MP: 10/22
 11090 | D:11     | Noticed a boulder beetle
 11103 | D:11     | Killed a boulder beetle
 11937 | D:12     | Found a runed translucent door.
 11937 | D:12     | Noticed a centaur warrior
 11937 | D:12     | Noticed a two-headed ogre
 11937 | D:12     | Noticed a boulder beetle
 11938 | D:12     | Found a runed translucent door.
 11939 | D:12     | Found a runed translucent door.
 11939 | D:12     | Noticed a deep elf high priest
 11939 | D:12     | Noticed a deep elf high priest
 12340 | Lair:1   | Entered Level 1 of the Lair of Beasts
 12377 | Lair:1   | Noticed a catoblepas
 12401 | Lair:1   | Killed a catoblepas
 12907 | Lair:1   | You fall into a shaft and drop 1 floor!
 13080 | Lair:2   | Found a hole to the Spider Nest.
 13092 | Lair:2   | Reached skill level 5 in Conjurations
 13092 | Lair:2   | Reached skill level 5 in Air Magic
 13461 | Lair:2   | Gained mutation: You are mostly covered in thin metallic
                  | scales. (AC +3) [demonic ancestry]
 13461 | Lair:2   | Reached XP level 13. HP: 75/96 MP: 24/24
 13499 | Lair:2   | Slain by a polar bear

Illustrated notes

Levels and vault maps discovered:
D:1:      dpeg_arrival_tiny_j, layout_basic, shapermc_ecumenical_altar_venn,
          chequers_serial_rivers_room_a, minmay_pentomino_s2
D:2:      layout_basic, serial_bayou_ford_a, minmay_joined_circles
D:3:      layout_rooms, columned_hall_lemuel, grunt_decor_arrowhead, uniq_robin
D:4:      layout_cave_pools, amcnicky_altar_gilded, serial_co_window_serial,
          co_window_corner_a, co_window_paths_a, co_window_paths_b,
          co_window_corner_a, co_window_corner_a, co_window_of_opportunity_a,
          co_window_paths_a, co_window_unsneaky_path_d,
          co_window_unsneaky_path_a, co_window_broadway_a,
          co_window_of_opportunity_c, glass_columns_a, glass_columns_c,
          glass_columns_b, glass_columns_c, glass_columns_c, uniq_menkaure
D:5:      layout_cave_pods, minmay_temple_entry_proselytizer, uniq_sigmund,
          uniq_crazy_yiuf_cottage
D:6:      layout_basic, serial_shops, shop, minmay_bent
D:7:      layout_loops_ring, minmay_lizard_king
D:8:      layout_loops_ring, water_boxes_lemuel
D:9:      layout_cave_pods, uniq_grum
D:10:     layout_loops_ring, led_sif_book,
          kennysheep_orc_monster_closet_entryway, hangedman_minor_magic,
          uniq_fannar
D:11:     minmay_spotlight, layout_rooms, hellmonk_lair_entry_icy,
          serial_rivers, chequers_serial_rivers_small_b,
          chequers_serial_rivers_micro_e, chequers_serial_rivers_micro_c,
          chequers_serial_rivers_micro_a, chequers_serial_rivers_small_3,
          chequers_serial_rivers_small_b
D:12:     minmay_the_grid_triangle_9x9_recursive_3
          [minmay_the_grid_triangle_9x9_tough_junction,
          minmay_the_grid_triangle_9x9_alien,
          minmay_the_grid_triangle_9x9_skeleton,
          minmay_the_grid_triangle_9x9_prize_top_heavy,
          minmay_the_grid_triangle_9x9_fully_insulated_deathbox,
          minmay_the_grid_triangle_9x9_subtriangle,
          minmay_the_grid_triangle_9x9_empty,
          minmay_the_grid_triangle_9x9_wacky_v,
          minmay_the_grid_triangle_9x9_steps], layout_basic
Temple:   mainiacjoe_temple_cubbyholes
Lair:1:   dragon1_lemuel, layout_hall_layers
Lair:2:   beast_lair_carwin_large_4, layout_layer_cave,
          nicolae_spider_entry_lesser_pyramids,
          gammafunk_ghost_wrathful_warriors, grunt_megastairs_2

Skill      XL: |  1  2  3  4  5  6  7  8  9 10 11 12 |
---------------+-------------------------------------+-----
Ice Magic      | 4 5 6 7 8 9 10 | 10.7
Fighting       | 1 2 3 4 5 6 7 |  7.4
Stealth        | 2 3 4 5 |  5.8
Short Blades   | 1 2 3 4 |  4.5
Summonings     | 1 2 3 4 5 6 |  6.9
Spellcasting   | 3 4 5 6 7 |  7.9
Evocations     | 1 2 |  2.3
Dodging        | 2 3 4 |  4.3
Necromancy     | 2 3 |  3.8
Invocations    | 2 4 5 7 8 |  8.8
Air Magic      | 2 4 5 |  5.2
Conjurations   | 2 4 5 |  5.2
Shields        | |  0.8

Action                     |  1- 3 |  4- 6 |  7- 9 | 10-12 | 13-15 || total
---------------------------+-------+-------+-------+-------+-------++-------
  Melee: Unarmed           |     4 |       |       |       |       ||     4
         Dagger            |    20 |    75 |    70 |       |       ||   165
         Touch             |     7 |    14 |    29 |    82 |     2 ||   134
         Punch             |       |       |     1 |     6 |       ||     7
         Short sword       |       |       |    78 |   323 |    16 ||   417
   Cast: Freeze            |    38 |    25 |    63 |    40 |     3 ||   169
         Frozen Ramparts   |     5 |     5 |    21 |    50 |       ||    81
         Ozocubu's Armour  |       |     2 |    15 |    27 |     1 ||    45
         Summon Ice Beast  |       |       |     1 |    12 |       ||    13
         Sublimation of Bl |       |       |       |     1 |       ||     1
 Invoke: Stomp             |       |       |     2 |     7 |       ||     9
         Line Pass         |       |       |     2 |     1 |       ||     3
  Evoke: Wand              |       |     3 |       |       |       ||     3
    Use: Scroll            |       |       |       |    22 |       ||    22
   Stab: Sleeping          |     4 |     7 |     4 |    13 |       ||    28
         Paralysed         |       |       |    10 |    38 |       ||    48
         Confused          |       |       |     1 |       |       ||     1
 Armour: Robe              |    10 |    30 |    78 |   167 |    14 ||   299
  Dodge: Dodged            |    32 |    49 |    99 |   195 |    22 ||   397
  Block: Other             |       |       |       |    35 |       ||    35
         Reflection        |       |       |       |     1 |       ||     1

Table legend: (Time is in decaauts)
 A = Elapsed time spent in this place.
 B = Non-inter-level travel time spent in this place.
 C = Inter-level travel time spent in this place.
 D = Time resting spent in this place.
 E = Time spent auto-exploring this place.
 F = Levels seen in this place.
 G = Mean time per level.
                   A        B        C        D        E       F      G
               +--------+--------+--------+--------+--------+-----+--------+
         Total |  13443 |  12934 |    509 |     85 |  10115 |  15 |  896.2 |
       Dungeon |  12217 |  11803 |    414 |     82 |   9409 |  12 | 1018.1 |
        Temple |     91 |     39 |     52 |      0 |      5 |   1 |   91.0 |
          Lair |   1133 |   1091 |     42 |      3 |    701 |   2 |  566.5 |
               +--------+--------+--------+--------+--------+-----+--------+

Top non-repeatable levels by time:
    D:10: 1282 daAuts
    D:11: 1198 daAuts
     D:5: 1073 daAuts
     D:6: 1072 daAuts
     D:1: 1042 daAuts
     D:7: 1014 daAuts
    D:12: 992 daAuts
     D:2: 948 daAuts
     D:9: 947 daAuts
     D:8: 915 daAuts
     D:4: 899 daAuts
     D:3: 831 daAuts
  Lair:2: 572 daAuts
  Lair:1: 561 daAuts
  Temple: 91 daAuts
